 Dungeon Crawl Stone Soup version 0.28-a0-445-g51f8dfeb47 (webtiles) character file.

Game seed: 1804494336864127156

767 Gargoyl the Skirmisher (level 7, -1/60 HPs)
             Began as a Gnoll Abyssal Knight on Sept 12, 2021.
             Was a Believer of Lugonu.
             Slain by a hornet zombie (6 damage)
             ... on level 5 of the Dungeon.
             The game lasted 00:04:38 (4415 turns).

Gargoyl the Skirmisher (Gnoll Abyssal Knight)       Turns: 4415, Time: 00:04:38

Health: -1/60      AC: 12    Str: 13    XL:     7   Next: 82%
Magic:  11/11      EV:  4    Int: 12    God:    Lugonu [**....]
Gold:   261        SH:  0    Dex: 11    Spells: 11/11 levels left

rFire   . . .      SeeInvis .   a - +2 hand axe (drain)
rCold   . . .      Faith    .   (no shield)
rNeg    . . .      Spirit   .   k - +0 plate armour
rPois   .          Reflect  .   (no helmet)
rElec   .          Harm     .   (no cloak)
rCorr   .          Rampage  .   (no gloves)
Will    .....                   (no boots)
Stlth   ..........              (no amulet)
HPRegen 0.20/turn               (no ring)
MPRegen 0.12/turn               (no ring)

@: confused, mighty, ambrosia-drunk
A: fangs 1, strong nose, distributed training
a: Renounce Religion, Depart the Abyss, Bend Space


You were on level 5 of the Dungeon.
You worshipped Lugonu.
Lugonu was pleased with you.
You visited 1 branch of the dungeon, and saw 5 of its levels.
You visited the Abyss 1 time.

You collected 261 gold pieces.

Inventory:

Hand Weapons
 a - a +2 hand axe of draining (weapon)
Armour
 k - a +0 plate armour (worn)
Wands
 i - a wand of charming (14)
Scrolls
 f - a scroll of identify
Potions
 b - a potion of haste {unknown}
 c - a potion of flight
 g - 2 potions of cancellation {unknown}


   Skills:
 + Level 7.1 Fighting
 + Level 2.7 Short Blades
 + Level 2.7 Long Blades
 + Level 5.3 Axes
 + Level 2.7 Maces & Flails
 + Level 2.7 Polearms
 + Level 2.7 Staves
 + Level 2.7 Slings
 + Level 2.7 Bows
 + Level 2.7 Crossbows
 + Level 2.7 Throwing
 + Level 5.3 Armour
 + Level 3.8 Dodging
 + Level 2.7 Stealth
 + Level 2.7 Shields
 + Level 2.7 Unarmed Combat
 + Level 2.7 Spellcasting
 + Level 2.2 Conjurations
 + Level 2.2 Hexes
 + Level 2.2 Summonings
 + Level 2.2 Necromancy
 + Level 2.2 Translocations
 + Level 2.2 Transmutations
 + Level 2.2 Fire Magic
 + Level 2.2 Ice Magic
 + Level 2.2 Air Magic
 + Level 2.2 Earth Magic
 + Level 2.2 Poison Magic
 + Level 5.5 Invocations
 + Level 2.7 Evocations


You had 11 spell levels left.
You didn't know any spells.
Your spell library contained the following spells:

 Spells                   Type           Power      Damage    Failure   Level
 Shock                    Conj/Air       24%        1d4       100%        1
 Summon Small Mammal      Summ           24%        N/A       100%        1
 Scorch                   Fire           12%        2d5       100%        2
 Swiftness                Air            6%         N/A       100%        3
 Airstrike                Air            3%         N/A       100%        4
 Flame Wave               Conj/Fire      6%         3d4       100%        4
 Summon Cactus Giant      Summ           3%         N/A       100%        6


Dungeon Overview and Level Annotations

Branches:
Dungeon (5/15)
 Temple: D:4-7

Altars:
Cheibriados
Kikubaaqudgha
Nemelex Xobeh
Sif Muna
Yredelemnul


Innate Abilities, Weirdness & Mutations

You have very sharp teeth.
Your uncanny sense of smell can sniff out nearby items.
Your experience applies equally to all skills.


Message History

The adder bites you but does no damage.
Unknown command.
You closely miss the adder.
The adder is almost dead.
You hit the hornet zombie. The hornet zombie hits you.
The adder bites you but does no damage.
The hornet zombie hits you but does no damage.
You hit the adder.
You kill the adder!
Lugonu accepts your kill.
You hit the hornet zombie but do no damage.
The hornet zombie hits you.
Unknown command.
The hornet zombie hits you.
* * * LOW HITPOINT WARNING * * *
You see here an adder corpse.
Unknown command.
You barely miss the hornet zombie.
The hornet zombie is moderately damaged.
The hornet zombie hits you but does no damage.
The hornet zombie barely misses you.
You closely miss the hornet zombie.
You bite the hornet zombie, but do no damage.
The hornet zombie is moderately damaged.
The hornet zombie hits you.
* * * LOW HITPOINT WARNING * * *
You hit the hornet zombie. Your bite misses the hornet zombie.
The hornet zombie is moderately damaged.
The hornet zombie hits you but does no damage.
It was a potion of ambrosia.
You are confused.
You feel invigorated.
The hornet zombie hits you but does no damage.
The hornet zombie hits you!
* * * LOW HITPOINT WARNING * * *
Okay, then.
It was a potion of might.
You feel very mighty all of a sudden. The hornet zombie hits you.
You die...

............ ..
#.......... ...
#.........##...
#..................##.
#............?........
. ....................#
.... #.....##....#...#
#..##Z....#........#
#....@.#..........
.#......##......# ..
#.......#.........#....
.......................
................##.....
#..................(##.
#........####......##
......#..# #..##..#
..###..####..##..##


You could see a hornet zombie.

Vanquished Creatures
  The ghost of sorkRocket the Slasher, an amateur DrBe of Trog (D:4)
  A necrophage (D:3)
  The ghost of flestrin the Sneak, an amateur SpEn (D:3)
  A scorpion (D:5)
  A centaur zombie (D:3)
  A bullfrog zombie (D:4)
  2 jellies (D:5)
  A bullfrog skeleton (D:5)
  An iguana (D:4)
  A hound zombie (D:4)
  A scorpion simulacrum (D:3)
  5 gnolls
  5 adders
  3 hound simulacra (D:3)
  An adder zombie (D:4)
  3 worms
  A dart slug (D:1)
  7 orcs
  6 bats
  4 endoplasms
  3 giant cockroaches
  8 goblins
  4 hobgoblins
  6 jackals (D:1)
  3 quokkas
  7 ball pythons
  4 frilled lizards (D:1)
  3 kobolds
  2 quokka simulacra (D:3)
  7 rats
94 creatures vanquished.

Notes
Turn   | Place    | Note
-------+----------+-------------------------------------------
     0 | Abyss:1  | Gargoyl the Gnoll Abyssal Knight began the quest for the
                  | Orb.
     0 | Abyss:1  | Reached XP level 1. HP: 23/23 MP: 3/3
    20 | Abyss:1  | Noticed a small abomination
    25 | Abyss:1  | Found a corrupted altar of Lugonu.
    28 | D:1      | Escaped the Abyss
   149 | D:1      | Reached XP level 2. HP: 23/29 MP: 5/5
   346 | D:1      | Reached * piety under Lugonu
   397 | D:1      | Reached XP level 3. HP: 35/35 MP: 6/6
   716 | D:1      | Reached skill level 1 in Short Blades
   716 | D:1      | Reached skill level 1 in Long Blades
   716 | D:1      | Reached skill level 1 in Maces & Flails
   716 | D:1      | Reached skill level 1 in Polearms
   716 | D:1      | Reached skill level 1 in Staves
   716 | D:1      | Reached skill level 1 in Slings
   716 | D:1      | Reached skill level 1 in Bows
   716 | D:1      | Reached skill level 1 in Crossbows
   716 | D:1      | Reached skill level 1 in Throwing
   716 | D:1      | Reached skill level 1 in Stealth
   716 | D:1      | Reached skill level 1 in Shields
   716 | D:1      | Reached skill level 1 in Unarmed Combat
   716 | D:1      | Reached skill level 1 in Spellcasting
   716 | D:1      | Reached skill level 1 in Evocations
  1077 | D:2      | Reached XP level 4. HP: 38/41 MP: 7/7
  1484 | D:2      | Found a faded altar of an unknown god.
  1492 | D:2      | Got Plato's Compendium of the Escort
  1903 | D:3      | Found a shimmering blue altar of Sif Muna.
  2045 | D:3      | Reached skill level 1 in Conjurations
  2045 | D:3      | Reached skill level 1 in Hexes
  2045 | D:3      | Reached skill level 1 in Summonings
  2045 | D:3      | Reached skill level 1 in Necromancy
  2045 | D:3      | Reached skill level 1 in Translocations
  2045 | D:3      | Reached skill level 1 in Transmutations
  2045 | D:3      | Reached skill level 1 in Fire Magic
  2045 | D:3      | Reached skill level 1 in Ice Magic
  2045 | D:3      | Reached skill level 1 in Air Magic
  2045 | D:3      | Reached skill level 1 in Earth Magic
  2045 | D:3      | Reached skill level 1 in Poison Magic
  2091 | D:3      | Reached XP level 5. HP: 38/47 MP: 8/8
  2189 | D:3      | Reached ** piety under Lugonu
  2224 | D:3      | Noticed a necrophage
  2233 | D:3      | Killed a necrophage
  2446 | D:3      | Found a runed translucent gate.
  2446 | D:3      | Found a runed translucent gate.
  2446 | D:3      | Found a runed translucent gate.
  2455 | D:3      | Reached skill level 5 in Invocations
  2460 | D:3      | Reached XP level 6. HP: 53/53 MP: 9/9
  2637 | D:3      | Noticed flestrin's ghost (amateur SpEn)
  2646 | D:3      | Killed flestrin's ghost
  2647 | D:3      | Reached skill level 5 in Axes
  2647 | D:3      | Reached skill level 5 in Armour
  2809 | D:3      | Found a snail-covered altar of Cheibriados.
  2936 | D:4      | Found a runed translucent gate.
  2936 | D:4      | Found a runed translucent gate.
  2936 | D:4      | Found a runed translucent gate.
  2936 | D:4      | Noticed sorkRocket's ghost (amateur DrBe)
  2938 | D:4      | Found a basalt altar of Yredelemnul.
  3043 | D:4      | Found a sparkling altar of Nemelex Xobeh.
  3160 | D:4      | Found an ancient bone altar of Kikubaaqudgha.
  3996 | D:4      | Reached XP level 7. HP: 59/59 MP: 10/10
  4060 | D:4      | Killed sorkRocket's ghost
  4061 | D:4      | Reached skill level 7 in Fighting
  4168 | D:5      | Entered Level 5 of the Dungeon
  4414 | D:5      | HP: 2/60 [hornet zombie (10)]
  4415 | D:5      | Slain by a hornet zombie

Illustrated notes

Levels and vault maps discovered:
D:1:      noname_arrival_rooms_in_the_neighbourhood, layout_loops_ring,
          bh_walls_and_bars
D:2:      layout_basic, shapermc_ecumenical_altar_rom_forum,
          minmay_misc_feat_nine_boxes
D:3:      layout_loops_ring, slow_altar_2, nicolae_overflow_hidden_temple,
          gammafunk_ghost_icy, chequers_serial_rivers_marsh,
          hangedman_decor_diamond_cutter
D:4:      wander_river, layout_basic, kennysheep_mini_moat,
          nicolae_yredelemnul_ghost_church,
          mainiacjoe_overflow_concentric_impassable
D:5:      layout_layer_cave, mainiacjoe_overflow_alcove_2, portal_sewer_entry_e,
          roderic_serpentine_path, sigmund_edmund_badplayer

Skill      XL: |  1  2  3  4  5  6  7 |
---------------+----------------------+-----
Short Blades   | 1 2 |  2.7
Long Blades    | 1 2 |  2.7
Maces & Flails | 1 2 |  2.7
Polearms       | 1 2 |  2.7
Staves         | 1 2 |  2.7
Slings         | 1 2 |  2.7
Bows           | 1 2 |  2.7
Crossbows      | 1 2 |  2.7
Throwing       | 1 2 |  2.7
Stealth        | 1 2 |  2.7
Shields        | 1 2 |  2.7
Unarmed Combat | 1 2 |  2.7
Spellcasting   | 1 2 |  2.7
Evocations     | 1 2 |  2.7
Conjurations   | 1 2 |  2.2
Hexes          | 1 2 |  2.2
Summonings     | 1 2 |  2.2
Necromancy     | 1 2 |  2.2
Translocations | 1 2 |  2.2
Transmutations | 1 2 |  2.2
Fire Magic     | 1 2 |  2.2
Ice Magic      | 1 2 |  2.2
Air Magic      | 1 2 |  2.2
Earth Magic    | 1 2 |  2.2
Poison Magic   | 1 2 |  2.2
Dodging        | 3 |  3.8
Invocations    | 5 |  5.5
Axes           | 5 |  5.3
Armour         | 5 |  5.3
Fighting       | 7 |  7.1

Action                   |  1- 3 |  4- 6 |  7- 9 || total
-------------------------+-------+-------+-------++-------
Melee: Hand axe          |    83 |   172 |    57 ||   312
       Bite              |     6 |    15 |    10 ||    31
       Punch             |       |     3 |       ||     3
Invok: Depart the Abyss  |     1 |       |       ||     1
  Use: Scroll            |     3 |     3 |     2 ||     8
       Potion            |       |     1 |     2 ||     3
Armor: Leather armour    |     5 |       |       ||     5
       Ring mail         |    36 |     3 |       ||    39
       Plate armour      |       |   115 |    50 ||   165
Dodge: Dodged            |    64 |    44 |    13 ||   121

Table legend: (Time is in decaauts)
 A = Elapsed time spent in this place.
 B = Non-inter-level travel time spent in this place.
 C = Inter-level travel time spent in this place.
 D = Time resting spent in this place.
 E = Time spent auto-exploring this place.
 F = Levels seen in this place.
 G = Mean time per level.
                   A        B        C        D        E       F      G
               +--------+--------+--------+--------+--------+-----+--------+
         Total |   4458 |   4356 |    102 |    148 |   3357 |   6 |  743.0 |
       Dungeon |   4430 |   4328 |    102 |    148 |   3340 |   5 |  886.0 |
         Abyss |     28 |     28 |      0 |      0 |     17 |   1 |   28.0 |
               +--------+--------+--------+--------+--------+-----+--------+

Top non-repeatable levels by time:
     D:4: 1286 daAuts
     D:3: 1069 daAuts
     D:1: 1023 daAuts
     D:2: 802 daAuts
     D:5: 248 daAuts
 Abyss:1: 28 daAuts
